 Dungeon Crawl Stone Soup version 0.31-a0-164-g2312942fda (webtiles) character file.

Game seed: 16153494330144191849

24142 jasper the Nimble (level 12, -26/63 HPs)
             Began as a Spriggan Venom Mage on June 11, 2023.
             Was an Elder of Kikubaaqudgha.
             Killed by the air
             ... invoked by Gastronok
              (34 damage)
             ... on level 11 of the Dungeon on June 14, 2023.
             The game lasted 00:31:40 (15684 turns).

jasper the Nimble (Spriggan Venom Mage)            Turns: 15684, Time: 00:31:40

Health: -26/63     AC: 11    Str: 10    XL:     12   Next: 78%
Magic:  16/26      EV: 25    Int: 23    God:    Kikubaaqudgha [****..]
Gold:   918        SH:  0    Dex: 18    Spells: 1/29 levels left

rFire   . . .        d - staff of poison
rCold   + . .        (shield currently unavailable)
rNeg    . . .        B - +3 steam dragon scales
rPois   +            (helmet restricted)
rElec   +            E - +2 cloak
rCorr   .            (gloves unavailable)
SInv    +            (boots unavailable)
Will    ++...        w - amulet "Siehelin" {Faith Int+2 Dex+2}
Stlth   ++           k - ring of protection from cold
HPRegen 0.30/turn    y - ring "Tatuz" {rElec Str+6 Slay+2}
MPRegen 0.20/turn

%: faith
@: animating dead, very quick
A: very small, no large weapons, unfitting armour, see invisible, speed 3
a: Renounce Religion, Unearth Wretches


You were on level 11 of the Dungeon.
You worshipped Kikubaaqudgha.
Kikubaaqudgha was greatly pleased with you.
You visited 2 branches of the dungeon, and saw 15 of its levels.
You also visited: Bailey.

You collected 918 gold pieces.

Inventory:

Hand Weapons
 c - a +0 short sword
 s - a +3 hand axe of venom
Armour
 a - a +0 robe
 A - a +0 cloak
 B - +3 steam dragon scales (worn)
 E - a +2 cloak (worn)
 F - a +2 robe of willpower
Magical Staves
 d - a staff of poison (weapon)
 D - a staff of earth
Jewellery
 k - a ring of protection from cold (left hand)
 w - the amulet "Siehelin" (around neck) {Faith Int+2 Dex+2}
   (You acquired it in a bailey)

   [amulet of faith]

   It allows you to gain divine favour quickly.
   Int:       It affects your intelligence (+2).
   Dex:       It affects your dexterity (+2).
 y - the ring "Tatuz" (right hand) {rElec Str+6 Slay+2}
   (You acquired it on level 1 of the Lair of Beasts)

   [ring of strength]

   Str:       It affects your strength (+6).
   Slay:      It affects your accuracy & damage with ranged weapons and melee
   (+2).
   rElec:     It insulates you from electricity.
Wands
 t - a wand of digging (8)
 H - a wand of flame (9)
Scrolls
 e - 4 scrolls of vulnerability
 g - 2 scrolls of summoning
 l - 2 scrolls of blinking
 o - 4 scrolls of teleportation
 p - 2 scrolls of fog
 v - a scroll of poison
 G - a scroll of enchant armour
 I - a scroll of revelation
Potions
 b - 9 potions of curing
 f - a potion of degeneration
 h - 2 potions of attraction
 i - 2 potions of enlightenment
 j - 2 potions of resistance
 m - 4 potions of heal wounds
 n - 2 potions of brilliance
 q - a potion of haste
 r - a potion of ambrosia
 u - a potion of might
 x - 3 potions of cancellation
 z - a potion of magic
 C - a potion of lignification {unknown}


   Skills:
 - Level 7.2 Fighting
 - Level 11.6 Dodging
 - Level 3.0 Stealth
 - Level 9.1 Spellcasting
 - Level 2.0 Conjurations
 - Level 5.3 Hexes
 - Level 10.0 Necromancy
 + Level 3.6 Transmutations
 - Level 2.2 Air Magic
 + Level 6.9 Earth Magic
 - Level 6.0 Poison Magic
 - Level 7.3 Evocations


You had one spell level left.
You knew the following spells:

 Your Spells              Type           Power      Damage    Failure   Level
a - Borgnjor's Vile Clut  Necr/Erth      24%        N/A       5%          5
b - Statue Form           Tmut/Erth      22%        N/A       73%         6
c - Mephitic Cloud        Conj/Pois/Air  39%        N/A       4%          3
d - Olgreb's Toxic Radia  Pois           55%        N/A       5%          4
e - Sublimation of Blood  Necr           54%        N/A       1%          2
f - Animate Dead          Necr           54%        N/A       1%          4
g - Anguish               Hex/Necr       22%        N/A       2%          4

Your spell library contained the following spells:

 Spells                   Type           Power      Damage    Failure   Level
 Kiss of Death            Conj/Necr      100%       2d13      1%          1
 Necrotise                Necr           100%       1d9       1%          1
 Sting                    Tmut/Pois      100%       1d8       1%          1
 Freeze                   Ice            40%        1d6       6%          1
 Cigotuvi's Dreadful Rot  Necr/Pois/Air  100%       N/A       1%          2
 Poisonous Vapours        Pois/Air       88%        N/A       1%          2
 Confusing Touch          Hex            34%        N/A       1%          3
 Dispel Undead            Necr           54%        3d20      1%          4
 Agony                    Necr           54%        N/A       2%          5
 Leda's Liquefaction      Hex/Erth       19%        N/A       4%          4
 Inner Flame              Hex/Fire       22%        N/A       6%          3
 Cause Fear               Hex            17%        N/A       7%          4
 Scorch                   Fire           20%        2d6       10%         2
 Lee's Rapid Deconstruct  Erth           21%        3d12*     10%         5
 Hailstorm                Conj/Ice       15%        3d5       12%         3
 Frozen Ramparts          Ice            20%        1d4       19%         3
 Yara's Violent Unravell  Hex/Tmut       15%        3d8       26%         5
 Blade Hands              Tmut           13%        N/A       36%         5
 Flame Wave               Conj/Fire      15%        2d7       38%         4
 Irradiate                Conj/Tmut      11%        3d15      47%         5
 Leda's Unmaking          Conj/Erth      15%        9d3       83%         6
 Enfeeble                 Hex            17%        N/A       99%         7
 Summon Cactus Giant      Summ           5%         N/A       100%        6
 Dragon Form              Tmut           13%        N/A       100%        7


Dungeon Overview and Level Annotations

Branches:
Dungeon (11/15)              Lair (4/5) D:10          Swamp (0/4) Lair:3
  Snake (0/4) Lair:2        Slime (0/5) Lair:4       Bailey (visited)
 Temple: D:4-7          Orc: D:9-12

Altars:
Kikubaaqudgha
Nemelex Xobeh
Trog

Shops:
D:8 !

Portals:
Trove: D:10 (give horn of Geryon)

Annotations:
D:5 Grinder
D:11 Gastronok
Lair:1 3 runed translucent doors, Cifett's ghost, novice MiFi
Lair:2 2 transporters, jejorda2's ghost, journeyman GnBe
Lair:4 1 runed translucent door


Innate Abilities, Weirdness & Mutations

You are very small and have problems with some larger weapons.
You are too small for most types of armour.
You have supernaturally acute eyesight. (SInv)
You cover ground extremely quickly. (Speed+++)


Message History

Press: ? - help, Shift-Dir - straight line, f/p - Gastronok
Aim: Gastronok, wearing a +2 hat (severely wounded, extremely poisoned, constricted by zombie hands, 100% to hit)
The puff of flame hits Gastronok.
Gastronok is severely wounded.
The zombie hands constrict Gastronok!
Gastronok looks at you while chanting. You resist with some effort.
Aiming: Throw Flame
Press: ? - help, Shift-Dir - straight line, f/p - Gastronok
Aim: Gastronok, wearing a +2 hat (severely wounded, very poisoned, constricted by zombie hands, 100% to hit)
The puff of flame hits Gastronok.
Gastronok is severely wounded.
The zombie hands constrict Gastronok!
The zombie hands release their grip on Gastronok.
Casting: Borgnjor's Vile Clutch (dangerous; 5% risk of failure)
Confirm with . or Enter, or press ? or * to list all spells.
You don't have enough magic to cast this spell.
Okay, then.
Casting: Borgnjor's Vile Clutch (dangerous; 5% risk of failure)
Confirm with . or Enter, or press ? or * to list all spells.
You draw magical energy from your own body!
You take 5 damage, and have 31/63 hp.
Casting: Sublimation of Blood (safe; 1% risk of failure)
Confirm with . or Enter, or press ? or * to list all spells.
You draw magical energy from your own body!
You take 4 damage, and have 27/63 hp.
You regained 4 mp, and now have 7/26 mp.
Casting: Sublimation of Blood (safe; 1% risk of failure)
Confirm with . or Enter, or press ? or * to list all spells.
You draw magical energy from your own body!
You take 19 damage, and have 8/63 hp.
MASSIVE DAMAGE!!
You regained 13 mp, and now have 20/26 mp.
Casting: Sublimation of Blood (safe; 1% risk of failure)
Confirm with . or Enter, or press ? or * to list all spells.
You call upon the dead to rise.
Gastronok waves his eye-stalks in wide circles.
The air twists around and strikes you!!
Ouch! That really hurt!
You die...
Kikubaaqudgha rasps: "You have failed me!
Welcome... death!"

##.......## ##.......#
##......# ##........#
#...##.# ##.........#
##.###.###..........##
#####.##.........>..#
#..##...........##
#..###...†......## #..#
#...........# #..#
##@........##
#..####.........#
#..##...........#
#..#............#
#...............#
#.........##....#
...####....w..#####..##
.............## ####
.....###..w###


You could see Gastronok (very poisoned).

Vanquished Creatures
  3 two-headed ogres
  5 death yaks
  Pikel (D:6)
  2 orc sorcerers (Bailey)
  A cyclops (D:11)
  Psyche (D:11)
  4 cane toads
  A komodo dragon (Lair:4)
  2 rime drakes
  3 blink frogs (Lair:3)
  Sigmund (D:6)
  A wyvern (D:9)
  3 yaks (Lair:4)
  A basilisk (Lair:4)
  A steam dragon (D:9)
  2 vampire mosquitoes (Lair:3)
  A naga (Lair:2)
  An acid dragon (D:11)
  2 water moccasins
  Duvessa (D:5)
  12 orc warriors
  3 black bears
  2 ogres
  A centaur (D:5)
  3 kobold brigands
  6 bullfrogs
  A scorpion (D:5)
  4 wights
  3 jellies
  3 electric eels
  3 howler monkeys
  3 orc priests
  4 hounds
  4 iguanas
  5 orc wizards
  3 adders (D:2)
  4 gnolls
  A shadow imp (D:6)
  4 white imps (D:6)
  4 worms
  3 dart slugs
  25 orcs
  7 endoplasms
  2 giant cockroaches
  18 goblins
  6 hobgoblins
  6 jackals (D:4)
  27 kobolds
  5 quokkas
  6 ball pythons
  8 bats
  2 frilled lizards
  8 rats
  2 butterflies (Lair:1)
235 creatures vanquished.

Vanquished Creatures (collateral kills)
  A two-headed ogre (D:11)
  2 death yaks
  A lindwurm (Lair:3)
  3 cane toads (Lair:1)
  2 komodo dragons
  5 blink frogs (Lair:3)
  12 yaks
  2 vampire mosquitoes (Lair:3)
  4 wargs (D:10)
  2 nagas (Lair:2)
  2 water moccasins
  A black bear (Lair:4)
  2 orc warriors (D:10)
  A bullfrog (Lair:3)
  A kobold (D:11)
41 creatures vanquished.

Vanquished Creatures (others)
  A skyshark (Lair:4)
  A death yak zombie (D:10)
  2 komodo dragons
  A polar bear (Lair:1)
  A yak (Lair:3)
  A vampire mosquito (Lair:3)
  3 nagas (Lair:2)
  An acid dragon (D:10)
  A cane toad zombie (Lair:3)
  2 water moccasins
  A vampire mosquito zombie (Lair:3)
  A rime drake zombie (Lair:1)
  A komodo dragon zombie (Lair:2)
  2 water moccasin zombies
  A yak zombie (D:10)
  A bullfrog zombie (Lair:2)
  A black bear zombie (Lair:1)
  An orc zombie (Bailey)
  A goblin (D:9)
  A gnoll zombie (Bailey)
25 creatures vanquished.

Grand Total: 301 creatures vanquished

Notes
Turn   | Place    | Note
-------+----------+-------------------------------------------
     0 | D:1      | jasper the Spriggan Venom Mage began the quest for the Orb.
     0 | D:1      | Reached XP level 1. HP: 9/9 MP: 5/5
   376 | D:1      | Reached XP level 2. HP: 9/13 MP: 0/7
   412 | D:1      | Learned a level 2 spell: Poisonous Vapours
  1062 | D:1      | Reached XP level 3. HP: 16/16 MP: 5/8
  1066 | D:1      | Learned a level 3 spell: Mephitic Cloud
  1748 | D:2      | Reached XP level 4. HP: 21/21 MP: 4/9
  1830 | D:2      | Reached skill level 1 in Air Magic
  2370 | D:3      | Reached skill level 1 in Conjurations
  2513 | D:3      | Noticed an ogre
  2536 | D:3      | Killed an ogre
  2537 | D:3      | Reached XP level 5. HP: 24/24 MP: 0/10
  2542 | D:3      | Learned a level 4 spell: Olgreb's Toxic Radiance
  2544 | D:3      | Noticed a phantom
  3254 | D:4      | Reached skill level 5 in Poison Magic
  3653 | D:4      | Reached XP level 6. HP: 19/28 MP: 5/11
  4277 | D:5      | Entered Level 5 of the Dungeon
  4504 | D:5      | Reached skill level 5 in Spellcasting
  4504 | D:5      | Reached XP level 7. HP: 17/32 MP: 9/16
  4630 | D:5      | Reached skill level 3 in Dodging
  4685 | D:5      | Reached skill level 1 in Fighting
  4773 | D:5      | Noticed Duvessa
  4792 | D:5      | Killed Duvessa
  4793 | D:5      | Reached skill level 4 in Dodging
  4861 | D:5      | Noticed Grinder
  5309 | D:6      | Noticed Sigmund
  5322 | D:6      | Killed Sigmund
  5323 | D:6      | Reached skill level 5 in Dodging
  5323 | D:6      | Reached XP level 8. HP: 27/39 MP: 4/18
  5558 | D:6      | Found an ancient bone altar of Kikubaaqudgha.
  5564 | D:6      | Reached skill level 6 in Dodging
  5575 | D:6      | Became a worshipper of Kikubaaqudgha
  5795 | D:6      | Noticed Pikel
  5813 | D:6      | Killed Pikel
  5814 | D:6      | Reached skill level 7 in Dodging
  5945 | D:6      | Reached skill level 8 in Dodging
  6427 | D:8      | Found Bysatsurph's Distillery.
  6744 | D:8      | Reached skill level 1 in Evocations
  6752 | D:8      | Reached XP level 9. HP: 46/46 MP: 19/19
  6774 | D:9      | Noticed a two-headed ogre
  6811 | D:9      | Killed a two-headed ogre
  6925 | D:9      | Found a flagged portal.
  7067 | Bailey   | Entered a bailey
  7207 | Bailey   | Reached skill level 5 in Fighting
  7370 | Bailey   | Reached * piety under Kikubaaqudgha
  7370 | Bailey   | Received a gift from Kikubaaqudgha
  7371 | Bailey   | Reached skill level 9 in Dodging
  7388 | Bailey   | Learned a level 2 spell: Sublimation of Blood
  7393 | Bailey   | Learned a level 4 spell: Animate Dead
  7398 | Bailey   | Learned a level 4 spell: Anguish
  7591 | Bailey   | Noticed an orc sorcerer
  7592 | Bailey   | Reached skill level 1 in Necromancy
  7618 | Bailey   | Killed an orc sorcerer
  7739 | Bailey   | Reached XP level 10. HP: 53/53 MP: 17/20
  7764 | Bailey   | Acquired the amulet "Siehelin" {Faith Int+2 Dex+2}
  8083 | Bailey   | Found an iron altar of Okawaru.
  8083 | Bailey   | Noticed an orc sorcerer
  8084 | Bailey   | Paralysed by an orc sorcerer for 5 turns
  8099 | Bailey   | Killed an orc sorcerer
  8100 | Bailey   | Reached skill level 10 in Dodging
  8436 | D:9      | Noticed a two-headed ogre
  8461 | D:9      | Killed a two-headed ogre
  8643 | D:9      | Reached ** piety under Kikubaaqudgha
  8896 | D:10     | Entered Level 10 of the Dungeon
  8906 | D:10     | Reached skill level 5 in Necromancy
  9069 | D:10     | Found a staircase to the Lair.
  9069 | D:10     | Noticed a death yak
  9069 | D:10     | Noticed a death yak
  9097 | D:10     | Killed a death yak
  9102 | D:10     | Killed a death yak
  9103 | D:10     | Reached skill level 11 in Dodging
  9103 | D:10     | Noticed a death yak
  9114 | D:10     | Killed a death yak
  9115 | D:10     | Reached XP level 11. HP: 47/58 MP: 1/21
  9486 | D:10     | Found a portal to a secret trove of treasure.
  9548 | D:10     | Found a sparkling altar of Nemelex Xobeh.
  9858 | D:10     | Upgraded the game from 0.31-a0-154-g56bf346678 to
                  | 0.31-a0-164-g2312942fda
  9976 | D:11     | Noticed a two-headed ogre
  9997 | D:11     | Killed a two-headed ogre
 10128 | D:11     | Noticed a two-headed ogre
 10145 | D:11     | Killed a two-headed ogre
 10155 | D:11     | Reached skill level 5 in Hexes
 10441 | D:11     | Noticed Psyche
 10452 | D:11     | Killed Psyche
 10457 | D:11     | Reached *** piety under Kikubaaqudgha
 10457 | D:11     | Received a gift from Kikubaaqudgha
 10666 | Lair:1   | Entered Level 1 of the Lair of Beasts
 10730 | Lair:1   | Identified the +0 trident of Disaster {flame, rElec rC-
                  | rCorr Dex+5}
 10741 | Lair:1   | Found a runed translucent gate.
 10741 | Lair:1   | Found a runed translucent gate.
 10741 | Lair:1   | Found a runed translucent gate.
 10743 | Lair:1   | Noticed a ten-headed hydra
 10744 | Lair:1   | Noticed Cifett's ghost (novice MiFi)
 10744 | Lair:1   | Noticed a ten-headed hydra
 10841 | Lair:1   | Identified the +2 ring mail "Rote" {rF+}
 11043 | Lair:2   | Noticed jejorda2's ghost (journeyman GnBe)
 11102 | Lair:2   | Learned a level 5 spell: Borgnjor's Vile Clutch
 11334 | Lair:2   | Reached skill level 1 in Earth Magic
 11599 | Lair:2   | Found a staircase to the Snake Pit.
 11758 | Lair:2   | Found a transporter.
 11761 | Lair:2   | Found a transporter.
 11761 | Lair:2   | Identified the ring "Yzxoduil" {rElec rPois MP+9 SInv}
 11775 | Lair:2   | Noticed a spriggan rider
 11818 | Lair:2   | Noticed a spriggan rider
 12272 | Lair:1   | Acquired the ring "Tatuz" {rElec Str+6 Slay+2}
 13114 | Lair:3   | Found a staircase to the Swamp.
 13185 | Lair:3   | Reached XP level 12. HP: 47/63 MP: 8/23
 13392 | Lair:3   | Reached skill level 5 in Earth Magic
 13590 | Lair:3   | Reached **** piety under Kikubaaqudgha
 13743 | Lair:3   | Noticed a death yak
 13744 | Lair:3   | Noticed a death yak
 13746 | Lair:3   | Noticed a death yak
 13746 | Lair:3   | Noticed a death yak
 13781 | Lair:3   | Killed a death yak
 13796 | Lair:3   | Killed a death yak
 13800 | Lair:3   | Killed a death yak
 14020 | Lair:3   | Killed a death yak
 14610 | Lair:4   | Reached skill level 10 in Necromancy
 14663 | Lair:4   | Learned a level 6 spell: Statue Form
 15173 | Lair:4   | Found a runed translucent door.
 15175 | Lair:4   | Noticed an acid blob
 15177 | Lair:4   | Found a staircase to the Slime Pits.
 15178 | Lair:4   | Noticed an acid blob
 15472 | Lair:2   | Found a bloodstained altar of Trog.
 15656 | D:11     | Noticed Gastronok
 15684 | D:11     | Killed from afar by Gastronok

Illustrated notes

Levels and vault maps discovered:
D:1:      evilmike_arrival_come_back, layout_loops_ring, minmay_misc_feat_roman
D:2:      layout_loops_ring
D:3:      layout_rooms
D:4:      layout_rooms
D:5:      nicolae_cairo_tiling_very_big, layout_layer_cave,
          minmay_temple_entry_slanted, uniq_grinder, uniq_eustachio,
          uniq_duvessa
D:6:      layout_basic, nicolae_kikubaaqudgha_miasma_corner,
          nrook_pool_corridor, uniq_sigmund, uniq_pikel
D:7:      layout_rooms, kennysheep_little_box,
          chequers_temple_overflow_minitemple, sword_in_stone, uniq_joseph
D:8:      layout_loops_cross, serial_shops, nicolae_shop_industrial_runoff,
          minmay_orc_keep
D:9:      layout_long_grid, enter_bailey_5, ebering_dispersal_statue_hall,
          evilmike_butchery, uniq_erica
D:10:     layout_basic, mainiacjoe_overflow_alcove_4, dpeg_lair_monsters,
          enter_trove_6, nooodl_orcs_dogs
D:11:     layout_cave_pods, nrook_uturn, uniq_psyche, uniq_gastronok
Lair:1:   layout_cave_pods, gammafunk_ghost_hydra_chop, st_stairs_5,
          small_statue_intersection, grunt_forest_small_clearings,
          lemuel_fruit_tree, lemuel_fruit_fields
Lair:2:   layout_gridlike, minmay_snake_entry_guardpost_medium,
          gammafunk_ghost_wrathful_warriors
Lair:3:   layout_misc_corridors, minmay_swamp_entry_swarm, serial_bayou_shore_a
Lair:4:   layout_gridlike, slime_entry_2, nicolae_lair_grove_arrangements,
          minivault_24, infiniplex_staircase_pool

Skill      XL: |  1  2  3  4  5  6  7  8  9 10 11 12 |
---------------+-------------------------------------+-----
Spellcasting   | 3 5 6 7 9 |  9.1
Poison Magic   | 4 5 6 |  6.0
Air Magic      | 1 2 |  2.2
Conjurations   | 1 2 |  2.0
Dodging        | 5 8 9 11 | 11.6
Fighting       | 2 4 5 7 |  7.2
Evocations     | 2 7 |  7.3
Necromancy     | 2 6 8 10 | 10.0
Hexes          | 5 |  5.3
Earth Magic    | 4 6 |  6.9
Transmutations | 3 |  3.6
Stealth        | |  3.0

Action                     |  1- 3 |  4- 6 |  7- 9 | 10-12 || total
---------------------------+-------+-------+-------+-------++-------
  Melee: Staff             |     3 |    34 |    21 |   174 ||   232
         Unarmed           |     2 |       |       |       ||     2
         Hand axe          |       |       |       |    15 ||    15
   Cast: Sting             |    54 |   101 |   132 |    19 ||   306
         Poisonous Vapours |    14 |    39 |    41 |    40 ||   134
         Olgreb's Toxic Ra |       |     3 |    10 |    59 ||    72
         Mephitic Cloud    |       |       |     7 |     9 ||    16
         Animate Dead      |       |       |       |    10 ||    10
         Anguish           |       |       |       |    27 ||    27
         Borgnjor's Vile C |       |       |       |    18 ||    18
         Sublimation of Bl |       |       |       |     6 ||     6
  Evoke: Wand              |       |       |     7 |     5 ||    12
    Use: Scroll            |       |     8 |     5 |    14 ||    27
         Potion            |       |     1 |     1 |       ||     2
   Stab: Confused          |       |       |     1 |       ||     1
         Sleeping          |       |       |       |     2 ||     2
         Distracted        |       |       |       |     1 ||     1
 Armour: Robe              |     1 |     9 |     2 |       ||    12
         Steam dragon scal |       |       |       |    36 ||    36
  Dodge: Dodged            |    12 |    74 |    70 |   298 ||   454

Table legend: (Time is in decaauts)
 A = Elapsed time spent in this place.
 B = Non-inter-level travel time spent in this place.
 C = Inter-level travel time spent in this place.
 D = Time resting spent in this place.
 E = Time spent auto-exploring this place.
 F = Levels seen in this place.
 G = Mean time per level.
                   A        B        C        D        E       F      G
               +--------+--------+--------+--------+--------+-----+--------+
         Total |  12707 |  12373 |    334 |   1389 |   8632 |  16 |  794.2 |
       Dungeon |   7886 |   7678 |    208 |    761 |   5537 |  11 |  716.9 |
          Lair |   3790 |   3664 |    126 |    450 |   2539 |   4 |  947.5 |
        Bailey |   1031 |   1031 |      0 |    178 |    555 |   1 | 1031.0 |
               +--------+--------+--------+--------+--------+-----+--------+

Top non-repeatable levels by time:
  Lair:3: 1211 daAuts
     D:6: 1150 daAuts
  Lair:1: 1114 daAuts
  Bailey: 1031 daAuts
     D:1: 973 daAuts
     D:2: 929 daAuts
    D:10: 850 daAuts
     D:9: 820 daAuts
     D:4: 801 daAuts
     D:3: 784 daAuts
  Lair:2: 771 daAuts
  Lair:4: 692 daAuts
    D:11: 678 daAuts
     D:5: 602 daAuts
     D:8: 217 daAuts
